 Dungeon Crawl Stone Soup version 0.20.1-1-g8b1a95d (webtiles) character file.

5709 vatarom the Cleaver (level 10, -2/79 HPs)
             Began as a Demonspawn Abyssal Knight on Oct 10, 2017.
             Was a Priest of Lugonu.
             Slain by a killer bee (3 damage)
             ... on level 8 of the Dungeon.
             The game lasted 00:24:48 (9741 turns).

vatarom the Cleaver (Demonspawn Abyssal Knight)     Turns: 9741, Time: 00:24:49

Health: -2/79      AC:  6    Str: 20    XL:     10   Next: 48%
Magic:  0/16       EV: 14    Int: 14    God:    Lugonu [***...]
Gold:   359        SH:  0    Dex: 12    Spells: 9/9 levels left

rFire    . . .     SeeInvis +   s - +2 war axe (flame)
rCold    . . .     Gourm    .   (no shield)
rNeg     . . .     Faith    .   o - +1 leather armour
rPois    .         Spirit   +   (no helmet)
rElec    .         Reflect  .   (no cloak)
rCorr    .         Harm     .   (no gloves)
MR       .....                  (no boots)
Stlth    +.........             (no amulet)
Regen    0.3/turn               x - +3 ring of strength
MPRegen  0.2/turn               B - ring of see invisible (curse)

@: mighty, lethally poisoned (-2 -> -19), hasted, drained, very quick
A: talons 2, slimy green scales 1, clumsy 1, powered by death 2, weak 1, wild
magic 1, magic shield, MP-powered wands
a: Depart the Abyss, Bend Space, Banish, Renounce Religion


You were on level 8 of the Dungeon.
You worshipped Lugonu.
Lugonu was most pleased with you.
You were not hungry.

You visited 2 branches of the dungeon, and saw 10 of its levels.
You visited the Abyss 1 time.

You collected 359 gold pieces.

Inventory:

Hand Weapons
 h - a +0 flail
 s - a +2 war axe of flaming (weapon)
Armour
 o - a +1 leather armour (worn)
Jewellery
 j - an uncursed ring of poison resistance
 x - a +3 ring of strength (left hand)
 z - an uncursed ring of protection from cold
 B - a cursed ring of see invisible (right hand)
Wands
 i - a wand of lightning (4/15)
 l - a wand of confusion (28/48)
 m - a wand of confusion (13/48)
 n - a wand of polymorph (15/24)
 p - a wand of flame (36/48)
 w - a wand of flame (20/48)
Scrolls
 d - 2 scrolls of enchant weapon
 k - 4 scrolls of remove curse
 q - a scroll of fog
 t - a scroll of amnesia
Potions
 a - a potion of magic
 e - a potion of flight
Comestibles
 c - 4 bread rations
 g - 3 meat rations
 v - 3 royal jellies
 A - 4 fruits


   Skills:
 + Level 7.3(6.9) Fighting
 * Level 9.2(8.7) Axes
 * Level 5.0(4.5) Armour
 * Level 5.4(5.0) Dodging
 + Level 9.2(8.7) Invocations


You had 9 spell levels left.
You didn't know any spells.

Dungeon Overview and Level Annotations

Branches:
Dungeon (9/15)             Temple (1/1) D:5
   Lair: D:8-11         Orc: D:9-12

Altars:
Ashenzari
Cheibriados
Elyvilon
Fedhas
Gozag
Hepliaklqana
Kikubaaqudgha
Makhleb
Nemelex Xobeh
Okawaru
Ru
Sif Muna
Trog
Uskayaw
Vehumet
Xom
Yredelemnul
Zin
The Shining One

Shops:
D:8 :

Annotations:
D:2 2 transporters
D:9 VirginKiller's ghost, novice DgGl
Abyss:1 Erica


Innate Abilities, Weirdness & Mutations

You have razor-sharp toenails.
You are partially covered in slimy green scales. (AC +2)
You regenerate health from kills.
When hurt, damage is shared between your health and your magic reserves.
You are clumsy. (Dex -2)
You are weak. (Str -2)
Your spells are a little harder to cast, but a little more powerful.
You expend magic power (3 MP) to strengthen your wands.


Message History

The wyvern is moderately wounded.
You miss the killer bee. x2
* * * LOW HITPOINT WARNING * * *
You feel sick. The killer bee completely misses you.
The wyvern barely misses you. The killer bee barely misses you. x2
Unknown command.
Okay, then.
You slash the wyvern! You burn the wyvern.
The wyvern is severely wounded.
You barely miss the killer bee. x2
* * * LOW HITPOINT WARNING * * *
You feel sick. The killer bee stings you.
* * * LOW HITPOINT WARNING * * *
The wyvern bites you but does no damage.
The killer bee barely misses you.
Unknown command.
You feel very mighty all of a sudden.
* * * LOW HITPOINT WARNING * * *
You feel sick. The killer bee stings you.
You die...

........# #....#.#
#..........#
.......(#
#....#.###..........#
.......(#
####.#...............
........#
#....##..........#
#########
##...##..........#
#...#############
#...# #####...#
#..y@y>.# #..l....#
### #..(....# #<#
#.......# #.#
######..# #.# #..#
#.# #..# #.# #..# #.#
#..# #.#


You could see a wyvern and 2 killer bees.

Vanquished Creatures
  A troll (D:9)
  2 hippogriffs (D:9)
  4 yaks (D:9)
  Eustachio (D:4)
  A water moccasin (D:6)
  2 orc warriors
  3 black bears
  A sky beast (D:8)
  A phantom (D:6)
  4 ice beasts
  An ogre (D:5)
  A necrophage (D:9)
  The ghost of vatarom the Grave Robber, an amateur DsNe (D:3)
  A centaur (D:6)
  A big kobold (D:8)
  6 bullfrogs
  5 scorpions
  3 wights (D:9)
  4 crimson imps
  2 centaur zombies
  3 bullfrog skeletons
  7 orc priests
  4 hounds
  2 jellies
  4 worker ants
  7 orc wizards
  A killer bee zombie (D:5)
  A howler monkey zombie (D:7)
  14 adders
  8 gnolls
  A howler monkey skeleton (D:9)
  2 oozes
  A dart slug (D:1)
  5 worms
  A leopard gecko (D:2)
  33 orcs
  6 giant cockroaches
  2 gnoll zombies (D:3)
  6 goblins
  2 hobgoblins
  8 jackals
  13 kobolds
  3 quokkas
  A ball python (D:8)
  6 bats
  5 frilled lizards
  A jackal skeleton (D:6)
  A quokka skeleton (D:5)
  A quokka zombie (D:9)
  5 rats (D:1)
199 creatures vanquished.

Vanquished Creatures (others)
  A two-headed ogre (D:8)
  3 ogres
4 creatures vanquished.

Grand Total: 203 creatures vanquished

Notes
Turn   | Place    | Note
-------+----------+-------------------------------------------
     0 | Abyss:1  | vatarom the Demonspawn Abyssal Knight began the quest for the Orb.
     0 | Abyss:1  | Reached XP level 1. HP: 18/18 MP: 2/2
    81 | Abyss:1  | Noticed a starcursed mass
    85 | Abyss:1  | Noticed a large abomination
   107 | D:1      | Escaped the Abyss
   425 | D:1      | Reached skill level 1 in Dodging
   439 | D:1      | Reached * piety under Lugonu
   503 | D:1      | Gained mutation: You regenerate a little health from kills. [demonic ancestry]
   503 | D:1      | Reached XP level 2. HP: 23/24 MP: 3/3
  1325 | D:2      | Gained mutation: You have sharp toenails. [demonic ancestry]
  1325 | D:2      | Reached XP level 3. HP: 23/29 MP: 4/4
  1455 | D:2      | Noticed a bullfrog
  1456 | D:2      | Found a sparkling altar of Nemelex Xobeh.
  1463 | D:2      | Found a transporter.
  1477 | D:2      | Found a transporter.
  1580 | D:2      | Reached XP level 4. HP: 18/35 MP: 6/6
  2026 | D:2      | Found an ancient bone altar of Kikubaaqudgha.
  2134 | D:2      | Reached ** piety under Lugonu
  2303 | D:3      | Noticed vatarom's ghost (amateur DsNe)
  2310 | D:3      | Killed vatarom's ghost
  2310 | D:3      | Gained mutation: You regenerate health from kills. [demonic ancestry]
  2310 | D:3      | Reached XP level 5. HP: 42/42 MP: 7/7
  2407 | D:3      | Found a basalt altar of Yredelemnul.
  2465 | D:3      | Found a bloodstained altar of Trog.
  2599 | D:3      | Found a glowing golden altar of the Shining One.
  2926 | D:4      | Noticed Eustachio
  2941 | D:4      | Killed Eustachio
  2941 | D:4      | Gained mutation: When hurt, damage is shared between your health and your magic reserves. [demonic ancestry]
  2941 | D:4      | Reached XP level 6. HP: 37/48 MP: 7/9
  2985 | D:4      | Found a snail-covered altar of Cheibriados.
  4030 | D:5      | Entered Level 5 of the Dungeon
  4030 | D:5      | Found a staircase to the Ecumenical Temple.
  4039 | Temple   | Entered the Ecumenical Temple
  4295 | D:5      | Noticed an ice beast
  4297 | D:5      | Gained mutation: You have razor-sharp toenails. [demonic ancestry]
  4297 | D:5      | Reached XP level 7. HP: 49/55 MP: 10/10
  4360 | D:5      | Reached skill level 5 in Axes
  4360 | D:5      | Reached skill level 5 in Invocations
  4585 | D:5      | Found an opulent altar of Gozag.
  4913 | D:5      | Noticed a hornet
  5549 | D:6      | Reached skill level 5 in Fighting
  5549 | D:6      | Reached *** piety under Lugonu
  5572 | D:6      | Reached XP level 8. HP: 56/62 MP: 10/12
  5793 | D:6      | Found a hazy altar of Hepliaklqana.
  6815 | D:7      | Gained mutation: You are partially covered in slimy green scales. (AC +2) [demonic ancestry]
  6815 | D:7      | Reached XP level 9. HP: 69/69 MP: 14/14
  7351 | D:8      | Noticed Erica
  7357 | D:8      | Banished Erica
  7504 | D:8      | Found Riegokk's Book Shoppe.
  7538 | D:8      | Gained mutation: You expend magic power (3 MP) to strengthen your wands. [potion of mutation]
  7538 | D:8      | Gained mutation: You are clumsy. (Dex -2) [potion of mutation]
  7538 | D:8      | Gained mutation: You are weak. (Str -2) [potion of mutation]
  7538 | D:8      | Gained mutation: Your spells are a little harder to cast, but a little more powerful. [potion of mutation]
  8207 | D:8      | Noticed a two-headed ogre
  8291 | D:8      | Banished a two-headed ogre
  8572 | D:9      | Noticed a troll
  8582 | D:9      | Killed a troll
  8582 | D:9      | Reached XP level 10. HP: 44/79 MP: 8/16
  8748 | D:9      | Found a deep blue altar of Sif Muna.
  8764 | D:9      | Noticed VirginKiller's ghost (novice DgGl)
  9058 | D:9      | Reached skill level 5 in Dodging
  9102 | D:9      | HP: 3/79 [orc priest/enchanted mace (4)]
  9677 | D:9      | Reached skill level 5 in Armour
  9739 | D:8      | HP: 3/79 [poisoned by a killer bee]
  9740 | D:8      | HP: 1/79 [killer bee (1)]
  9741 | D:8      | Slain by a killer bee

Skill      XL: |  1  2  3  4  5  6  7  8  9 10 |
---------------+-------------------------------+-----
Dodging        | 1 2 3 4 5 |  5.4
Axes           | 2 3 4 5 7 8 9 |  9.2
Invocations    | 3 4 5 7 8 9 |  9.2
Fighting       | 4 5 6 7 |  7.3
Armour         | 2 4 5 |  5.0

Action                   |  1- 3 |  4- 6 |  7- 9 | 10-12 || total
-------------------------+-------+-------+-------+-------++-------
Melee: Hand axe          |   104 |   103 |   378 |       ||   585
       Kick              |     3 |    31 |   109 |    32 ||   175
       War axe           |       |       |    30 |   135 ||   165
Throw: Throwing net      |       |     1 |     1 |       ||     2
Invok: Depart the Abyss  |     1 |       |       |       ||     1
       Bend Space        |       |       |     1 |       ||     1
       Banish            |       |       |     9 |     2 ||    11
Evoke: Wand              |       |       |     1 |       ||     1
  Use: Scroll            |     7 |     5 |     9 |     2 ||    23
       Potion            |       |     4 |     3 |     4 ||    11
 Stab: Confused          |       |       |     1 |       ||     1
  Eat: Chunk             |     2 |     5 |     3 |     1 ||    11
       Royal jelly       |       |     1 |       |       ||     1
       Meat ration       |       |     1 |     1 |       ||     2
       Bread ration      |       |       |     2 |       ||     2
Armor: Leather armour    |    21 |    10 |    87 |     7 ||   125
       Chain mail        |       |       |     8 |    52 ||    60
Dodge: Dodged            |    81 |    48 |   308 |    86 ||   523
